 Dungeon Crawl Stone Soup version 0.15.2 (webtiles) character file.

237 Huymann the Skirmisher (level 5, 0/47 HPs)
             Began as a Draconian Berserker on Feb 13, 2015.
             Was a Believer of Trog.
             Succumbed to Dowan's poison
             ... on Level 4 of the Dungeon.
             The game lasted 00:15:12 (2746 turns).

Huymann the Skirmisher (Draconian Berserker)        Turns: 2746, Time: 00:15:12

HP   0/47        AC  5     Str 19      XL: 5   Next: 77%
MP   5/5         EV 14     Int  7      God: Trog [**....]
Gold 120         SH  0     Dex 16      Spells:  0 memorised,  4 levels left

rFire  . . .     SeeInvis .     a - +0 spear
rCold  . . .     Clarity  .     (armour unavailable)
rNeg   . . .     rCorr    .     (no shield)
rPois  .         rRot     .     (helmet restricted)
rElec  .         Spirit   .     (no cloak)
SustAb .         Warding  .     (no gloves)
rMut   .         Stasis   .     (no boots)
Gourm  .                        (no amulet)
MR     .....                    (no ring)
                                s - +4 ring of dexterity

@: lethally poisoned, exhausted, not resistant to hostile enchantments,
unstealthy
A: unfitting armour, cold-blooded, AC +5
a: Burn Spellbooks, Berserk, Trog's Hand, Renounce Religion


You were on level 4 of the Dungeon.
You worshipped Trog.
Trog was pleased with you.
You were not hungry.

You visited 1 branch of the dungeon, and saw 4 of its levels.

You collected 120 gold pieces.

Inventory:

Hand weapons
 a - a +0 spear (weapon)
 h - a cursed -2 dagger
Magical devices
 f - a wand of magic darts (17)
 n - a wand of digging (0) {unknown}
Comestibles
 c - 2 bread rations
Scrolls
 e - 4 scrolls of remove curse
Jewellery
 s - a +4 ring of dexterity (left hand)
Potions
 b - a potion of heal wounds
 g - 3 potions of brilliance {unknown}
 i - a potion of cancellation {unknown}
 j - a potion of agility {unknown}


   Skills:
 + Level 4.5 Fighting
 + Level 4.2 Polearms
 + Level 4.1 Dodging
 * Level 1.7 Stealth


You had 4 spell levels left.
You didn't know any spells.

Dungeon Overview and Level Annotations

Branches:
Dungeon (4/15)
 Temple: D:4-7

Altars:
Dithmenos
The Shining One

Annotations:
D:4 Dowan


Innate Abilities, Weirdness & Mutations

Your plain brown scales are hard (AC +5).
Your body does not fit into most forms of armour.
Your cold-blooded metabolism reacts poorly to cold.


Message History

Press: ? - help, Shift-Dir - straight line, f/p - Dowan
Aim: Dowan, wielding a dagger of venom and wearing a robe (severely wounded, fast)
Okay, then.
You feel sick. Dowan gestures at you while chanting.
The shard of ice misses you.
Found an inky potion.
You feel very sick.
An ogre comes into view. It is wielding a giant club.
You see here a javelin.
You hit Dowan.
Dowan is almost dead.
You feel sick. Dowan gestures at you while chanting. The shard of ice hits you!
* * * LOW HITPOINT WARNING * * *
Dowan barely misses you.
You closely miss Dowan.
Your tail-slap misses Dowan.
Dowan is almost dead.
You die...

##. ....#. #.#.#
.....#....##...#.. ###
.##.##.......... .!
..##........# ...O##<...
............###....#....
...<....................
.......(...(.(...........
..................#....#
...........#.#.a@.....##.
...........#.###e........
...........#...#.........
..........####..........
..##.....## ####..###..
.........########...# .
......................
.........##########...
.........######### ..


You could see an ogre, Dowan and a worker ant.

Vanquished Creatures
  Duvessa (D:4)
  A worker ant (D:4)
  Natasha (thrice) (D:3)
  4 adders
  A worm (D:3)
  3 giant geckos
  An ooze (D:1)
  4 bats
  5 giant cockroaches
  11 goblins
  3 hobgoblins
  5 jackals
  7 kobolds
  2 ball pythons
  3 giant newts
  A quokka (D:3)
  6 rats
  A rat skeleton (D:4)
62 creatures vanquished.

Notes
Turn   | Place    | Note
--------------------------------------------------------------
     0 | D:1      | Huymann, the Draconian Berserker, began the quest for the Orb.
     0 | D:1      | Reached XP level 1. HP: 19/19 MP: 1/1
   180 | D:1      | Reached XP level 2. HP: 24/26 MP: 2/2
   438 | D:1      | Acquired Trog's second power
   721 | D:1      | Reached XP level 3. HP: 33/33 MP: 3/3
   827 | D:2      | Reached skill level 4 in Fighting
  2000 | D:3      | Reached XP level 4. HP: 35/40 MP: 4/4
  2132 | D:3      | Found a glowing golden altar of the Shining One.
  2215 | D:3      | Found a shadowy altar of Dithmenos.
  2219 | D:3      | Noticed Natasha
  2227 | D:3      | Killed Natasha
  2227 | D:3      | Reached skill level 1 in Stealth
  2387 | D:3      | Noticed Natasha
  2391 | D:3      | Killed Natasha
  2449 | D:3      | Noticed Natasha
  2455 | D:3      | Killed Natasha
  2487 | D:3      | Reached XP level 5. HP: 47/47 MP: 5/5
  2563 | D:4      | Noticed Duvessa
  2578 | D:4      | Killed Duvessa
  2581 | D:4      | Noticed Dowan
  2745 | D:4      | Noticed an ogre
  2745 | D:4      | HP: 1/47 [Dowan/shard of ice (14)]
  2746 | D:4      | Succumbed to Dowan's poison

Action                   |  1- 3 |  4- 6 || total
-------------------------+-------+-------++-------
Melee: Spear             |   168 |    96 ||   264
Throw: Javelin           |       |     7 ||     7
Invok: Berserk           |     1 |     3 ||     4
       Trog's Hand       |       |     1 ||     1
Evoke: Wand              |       |     1 ||     1
  Use: Scroll            |     5 |     6 ||    11
       Potion            |       |     5 ||     5
 Stab: Sleeping          |       |     1 ||     1
  Eat: Chunk             |     3 |     2 ||     5
       Royal jelly       |     1 |       ||     1
       Beef jerky        |       |     1 ||     1
       Pizza             |       |     1 ||     1
